 Dungeon Crawl Stone Soup version 0.29.1-15-g9cfb28693d (webtiles) character file.

Game seed: 17683633933513716514

24 booth the Chopper (level 2, 0/23 HPs)
             Began as a Demonspawn Gladiator on Apr 23, 2023.
             Succumbed to an adder's poison
             ... on level 2 of the Dungeon.
             The game lasted 00:06:34 (1305 turns).

booth the Chopper (Demonspawn Gladiator)            Turns: 1305, Time: 00:06:34

Health: 0/23       AC:  4    Str: 14    XL:     2   Next: 79%
Magic:  2/2        EV: 12    Int:  9    God:
Gold:   62         SH:  0    Dex: 14    Spells: 1/1 levels left

rFire   . . .      SeeInvis .   a - +0 war axe
rCold   . . .      Faith    .   (no shield)
rNeg    . . .      Spirit   .   b - +1 leather armour
rPois   .          Reflect  .   (helmet restricted)
rElec   .          Harm     .   (no cloak)
rCorr   .          Rampage  .   (no gloves)
Will    .....                   (no boots)
Stlth   +.........              (no amulet)
HPRegen 0.07/turn               (no ring)
MPRegen 0.08/turn               (no ring)

@: lethally poisoned (0 -> -8)
A: antennae 1
a: no special abilities


You were on level 2 of the Dungeon.
You visited 1 branch of the dungeon, and saw 2 of its levels.

You collected 62 gold pieces.

Inventory:

Hand Weapons
 a - a +0 war axe (weapon)
 i - a +0 mace
Missiles
 d - 3 throwing nets (quivered)
 e - a javelin
 f - 2 poisoned darts
Armour
 b - a +1 leather armour (worn)
Jewellery
 l - an amulet of faith
Scrolls
 h - a scroll of fog {unknown}
 j - a scroll of immolation {unknown}
 k - a scroll of teleportation {unknown}
 n - a scroll of fear {unknown}
 q - a scroll of enchant weapon {unknown}
Potions
 c - a potion of curing {unknown}
 g - a potion of heal wounds {unknown}
 m - 2 potions of attraction {unknown}
 o - a potion of mutation {unknown}
 p - a potion of flight


   Skills:
 + Level 2.3 Fighting
 * Level 3.1 Axes
 + Level 2.1 Throwing
 + Level 2.9 Dodging


You had one spell level left.
You didn't know any spells.
Your spell library was empty.

Dungeon Overview and Level Annotations

Branches:
Dungeon (2/15)

Altars:


Innate Abilities, Weirdness & Mutations

You have a pair of small antennae on your head.


Message History

You hit the adder.
The adder is moderately wounded.
The adder barely misses you.
You miss the adder.
The adder is moderately wounded.
The adder bites you. The adder barely misses you.
You miss the adder.
The adder is moderately wounded.
You hit the giant cockroach. The adder bites you.
The giant cockroach closely misses you. The adder bites you.
You are poisoned.
The adder poisons you! The giant cockroach closely misses you.
You barely miss the adder.
The adder is moderately wounded.
You hit the giant cockroach but do no damage.
You feel very sick. The adder bites you but does no damage.
The giant cockroach bites you.
You miss the adder.
The adder is moderately wounded.
You hit the giant cockroach.
You kill the giant cockroach!
You feel sick.
The adder bites you but does no damage. x2
You hit the adder.
The adder is almost dead.
You feel sick. The adder bites you but does no damage.
The adder barely misses you.
You closely miss the adder.
The adder is almost dead.
You feel sick. The adder barely misses you. x2
You miss the adder.
The adder is almost dead.
You feel sick.
You are no longer poisoned.
The adder bites you.
* * * LOW HITPOINT WARNING * * *
You are lethally poisoned!
The adder poisons you!
You barely miss the adder.
The adder is almost dead.
You die...

#.......#...###.#
#......#..# ##
#...............#
#.... .. #.
#.......#....>..##..#
#..
#########.....#.....#
#... #...#.......###.
..#..
#...####........
..#.. #...#
#..##...## ##### #.##
#... #@##### #.
##S....##. #.........
#.........#
#.........#
#..........#
#..........#
...........#
..#..........


You could see an adder.

Vanquished Creatures
  2 ball pythons
  2 bats (D:1)
  3 endoplasms (D:1)
  2 giant cockroaches
  3 hobgoblins
  3 quokkas
  A frilled lizard (D:2)
  2 goblins (D:2)
  A kobold (D:1)
  2 rats (D:1)
21 creatures vanquished.

Notes
Turn   | Place    | Note
-------+----------+-------------------------------------------
     0 | D:1      | booth the Demonspawn Gladiator began the quest for the Orb.
     0 | D:1      | Reached XP level 1. HP: 16/16 MP: 1/1
   442 | D:1      | Gained mutation: You have a pair of small antennae on your
                  | head. [demonic ancestry]
   442 | D:1      | Reached XP level 2. HP: 22/22 MP: 2/2
  1013 | D:2      | Reached skill level 3 in Axes
  1305 | D:2      | Succumbed to an adder's poison

Illustrated notes

Levels and vault maps discovered:
D:1:      lightli_arrival_isolated_outpost, layout_basic
D:2:      layout_rooms, dk_noncrumbling_2

Skill      XL: |  1  2 |
---------------+-------+-----
Throwing       | 2 |  2.1
Axes           | 3 |  3.1
Fighting       | |  2.3
Dodging        | |  2.9

Action                   || total
-------------------------++-------
Melee: War axe           ||    75
       Punch             ||     1
  Use: Scroll            ||     3
Armor: Leather armour    ||    23
Dodge: Dodged            ||    58
